 Dungeon Crawl Stone Soup version 0.28-a0-1429-gf3d713df7a (webtiles) character file.

Game seed: 9874740429487385942

310 bande the Covered (level 6, -8/38 HPs)
             Began as a Gargoyle Fighter on Jan 9, 2022.
             Mangled by an ogre (13 damage)
             ... on level 5 of the Dungeon.
             The game lasted 00:06:33 (4509 turns).

bande the Covered (Gargoyle Fighter)                Turns: 4509, Time: 00:06:34

Health: -8/38      AC: 14    Str: 20    XL:     6   Next: 41%
Magic:  6/6        EV:  5    Int: 18    God:
Gold:   150        SH:  4    Dex: 11    Spells: 5/5 levels left

rFire   . . .      SeeInvis .   b - +2 war axe of Gyifuomo {vorpal, *Corrode Int+10}
rCold   + . .      Faith    .   c - +0 buckler
rNeg    + . .      Spirit   .   n - +2 plate armour {rC+}
rPois   ∞          Reflect  .   (no helmet)
rElec   +          Harm     .   (no cloak)
rCorr   .          Rampage  .   (no gloves)
Will    .....                   (no boots)
Stlth   ..........              (no amulet)
HPRegen 0.12/turn               (no ring)
MPRegen 0.10/turn               (no ring)

@: corroded
A: sickness immunity, AC +4, negative energy resistance 1, electricity
resistance, torment resistance 1, petrification resistance
a: no special abilities


You were on level 5 of the Dungeon.
You visited 1 branch of the dungeon, and saw 5 of its levels.

You collected 150 gold pieces.

Inventory:

Hand Weapons
 a - a +0 war axe
 b - the +2 war axe of Gyifuomo (weapon) {vorpal, *Corrode Int+10}
   (You found it on level 3 of the Dungeon)

   It inflicts extra damage upon your enemies.
   Int:       It affects your intelligence (+10).
   *Corrode:  It may corrode you when you take damage.
Armour
 c - a +0 buckler (worn)
 n - a +2 plate armour of cold resistance (worn)
Scrolls
 h - 2 scrolls of amnesia
 i - a scroll of holy word
 m - a scroll of identify
Potions
 d - 4 potions of might
 e - a potion of magic
 g - a potion of flight {unknown}
 j - a potion of heal wounds
 k - a potion of invisibility {unknown}
 l - a potion of experience {unknown}


   Skills:
 + Level 4.2 Fighting
 + Level 4.4 Axes
 + Level 4.7 Armour
 + Level 3.9 Shields


You had 5 spell levels left.
You didn't know any spells.
Your spell library contained the following spells:

 Spells                   Type           Power      Damage    Failure   Level
 Animate Skeleton         Necr           0%         N/A       100%        1
 Apportation              Tloc           0%         N/A       100%        1
 Summon Small Mammal      Summ           0%         N/A       100%        1
 Ensorcelled Hibernation  Hex/Ice        0%         N/A       100%        2
 Call Canine Familiar     Summ           0%         N/A       100%        3
 Summon Guardian Golem    Hex/Summ       0%         N/A       100%        3
 Borgnjor's Vile Clutch   Necr/Erth      0%         N/A       100%        5
 Metabolic Englaciation   Hex/Ice        0%         N/A       100%        5


Dungeon Overview and Level Annotations

Branches:
Dungeon (5/15)
 Temple: D:4-7

Altars:
Cheibriados
Elyvilon


Innate Abilities, Weirdness & Mutations

You are immune to sickness and miasma.
Your stone body is resilient. (AC +4)
You are immune to poison.
You resist negative energy. (rN+)
You are resistant to electric shocks. (rElec)
You are resistant to unholy torment.
You are immune to petrification.


Message History

You slash the ogre! The ogre barely misses you.
The gnoll hits you from afar with a +0 halberd.
You block the gnoll's attack.
The gnoll hits you but does no damage. x2
The ogre hits you but does no damage. You block the gnoll's attack.
You barely miss the ogre.
The ogre is moderately wounded.
You hit the gnoll but do no damage. You hit the gnoll. x2
The gnoll hits you but does no damage. The gnoll barely misses you.
The gnoll hits you with a +0 halberd! The ogre barely misses you.
You block the gnoll's attack. The gnoll hits you but does no damage.
The gnoll hits you with a +0 halberd.
You barely miss the ogre.
The ogre is moderately wounded.
You barely miss the gnoll. You closely miss the gnoll.
You barely miss the gnoll. The ogre hits you but does no damage.
The gnoll hits you but does no damage. The gnoll hits you with a +0 halberd.
* * * LOW HITPOINT WARNING * * *
The gnoll hits you but does no damage.
You slash the ogre!
The ogre is severely wounded.
You hit the gnoll. You barely miss the gnoll. x2
The gnoll hits you but does no damage. You block the ogre's attack.
The gnoll hits you with a +0 halberd.
* * * LOW HITPOINT WARNING * * *
The gnoll hits you but does no damage.
The phantom hits you but does no damage.
You feel much better. You block the gnoll's attack. x2
The gnoll hits you but does no damage. The ogre hits you with a +0 giant club!
* * * LOW HITPOINT WARNING * * *
Your corrosive artefact corrodes you!
The phantom barely misses you.
Unknown command.
You closely miss the ogre.
The ogre is severely wounded.
You hit the gnoll.
You kill the gnoll!
You closely miss the phantom. You barely miss the gnoll. x2
The gnoll hits you but does no damage. The gnoll barely misses you.
The ogre hits you with a +0 giant club!
You die...

#.......###....
....#.#........#
.(..#...##.....#
.##.#..........#
.......$...##.#
...............#
..........)...##
>......))....##
........@O...#
.......Wgg.(.#
............#
.....>......#
##.##8.>....#
... .#......# ..
..#......#
..........#


You could see a phantom, an ogre and 2 gnolls.

Vanquished Creatures
  A phantom (D:4)
  A bullfrog zombie (D:4)
  A centaur skeleton (D:4)
  An orc priest (D:4)
  2 orc wizards (D:4)
  An adder (D:3)
  2 gnolls (D:5)
  2 worms (D:2)
  A dart slug (D:1)
  7 orcs
  2 bats
  6 endoplasms
  8 goblins
  9 hobgoblins
  3 quokkas
  3 ball pythons
  A frilled lizard (D:3)
  5 kobolds
  5 rats
61 creatures vanquished.

Vanquished Creatures (others)
  4 toadstools (D:1)
4 creatures vanquished.

Grand Total: 65 creatures vanquished

Notes
Turn   | Place    | Note
-------+----------+-------------------------------------------
     0 | D:1      | bande the Gargoyle Fighter began the quest for the Orb.
     0 | D:1      | Reached XP level 1. HP: 14/14 MP: 1/1
   283 | D:1      | Got Sif Muna's Disquisition on the Mountains and Snow
   534 | D:1      | Reached XP level 2. HP: 17/19 MP: 2/2
   820 | D:2      | Found a faded altar of an unknown god.
   832 | D:2      | Reached XP level 3. HP: 9/23 MP: 3/3
  2010 | D:3      | Identified the +2 war axe of Gyifuomo {vorpal, *Corrode
                  | Int+10}
  2579 | D:3      | Reached XP level 4. HP: 29/29 MP: 4/4
  3333 | D:4      | Reached XP level 5. HP: 25/33 MP: 5/5
  3411 | D:4      | Noticed a phantom
  3430 | D:4      | Killed a phantom
  3442 | D:4      | Reached XP level 6. HP: 10/38 MP: 6/6
  4153 | D:4      | Found a snail-covered altar of Cheibriados.
  4153 | D:4      | Found a white marble altar of Elyvilon.
  4453 | D:5      | Entered Level 5 of the Dungeon
  4509 | D:5      | Mangled by an ogre

Illustrated notes

Levels and vault maps discovered:
D:1:      ldierk_water_garden, layout_basic, lemuel_another_geyser
D:2:      layout_basic, nicolae_ecumenical_pavilion
D:3:      layout_loops_corners
D:4:      layout_loops_cross, gammafunk_temple_overflow_statue,
          hangedman_decor_riveting, minmay_distorted
D:5:      layout_rooms, minmay_temple_entry_tees,
          lightli_ossuary_entry_decrepit_ruins, amcnicky_mini_pool_small

Skill      XL: |  1  2  3  4  5 |
---------------+----------------+-----
Axes           | 2 3 4 |  4.4
Armour         | 4 |  4.7
Fighting       | 4 |  4.2
Shields        | |  3.9

Action                   |  1- 3 |  4- 6 || total
-------------------------+-------+-------++-------
Melee: War axe           |    98 |    72 ||   170
  Use: Scroll            |     4 |     3 ||     7
       Potion            |       |     1 ||     1
Armor: Plate armour      |    71 |    82 ||   153
       Scale mail        |     1 |       ||     1
Dodge: Dodged            |    20 |    29 ||    49
Block: Buckler           |    18 |    17 ||    35

Table legend: (Time is in decaauts)
 A = Elapsed time spent in this place.
 B = Non-inter-level travel time spent in this place.
 C = Inter-level travel time spent in this place.
 D = Time resting spent in this place.
 E = Time spent auto-exploring this place.
 F = Levels seen in this place.
 G = Mean time per level.
                   A        B        C        D        E       F      G
               +--------+--------+--------+--------+--------+-----+--------+
         Total |   4580 |   4499 |     81 |    710 |   2771 |   5 |  916.0 |
       Dungeon |   4580 |   4499 |     81 |    710 |   2771 |   5 |  916.0 |
               +--------+--------+--------+--------+--------+-----+--------+

Top non-repeatable levels by time:
     D:3: 1274 daAuts
     D:4: 1201 daAuts
     D:1: 1027 daAuts
     D:2: 1018 daAuts
     D:5: 58 daAuts
